 Dungeon Crawl Stone Soup version 0.25-b1-46-gb8a1ec05df (webtiles) character file.

Game seed: 12485969985163528414

1822 grindst0ne the Charmwright (level 9, 0/103 HPs)
             Began as a Gnoll Skald on June 10, 2020.
             Was a Follower of Ru.
             Slain by a water moccasin (1 damage)
             ... on level 6 of the Dungeon.
             The game lasted 00:14:40 (6532 turns).

grindst0ne the Charmwright (Gnoll Skald)            Turns: 6532, Time: 00:14:40

Health: 0/103      AC: 24    Str: 13 (15) XL:     9   Next: 10%
Magic:  12/18      EV:  2    Int: 17 (18) God:    Ru [*.....]
Gold:   223        SH:  0    Dex: 12 (14) Spells: 15/20 levels left

rFire    + + .     SeeInvis .   m - +1 mace (protect)
rCold    + . .     Gourm    .   (no shield)
rNeg     + + +     Faith    .   (armour currently unavailable)
rPois    +         Spirit   .   (helmet currently unavailable)
rElec    +         Reflect  .   (cloak currently unavailable)
rCorr    +         Harm     .   (gloves currently unavailable)
MR       .....     NoTele   +   (boots currently unavailable)
Stlth    ++........             (no amulet)
HPRegen  0.27/turn              t - ring of protection from fire
MPRegen  0.16/turn              (no ring)

@: lethally poisoned (0 -> -12), tree-form, resistant
A: distributed training, hated by all, strong nose
a: Renounce Religion


You were on level 6 of the Dungeon.
You worshipped Ru.
Ru was aware of your devotion.
You were not hungry.
You were a tree.
You visited 2 branches of the dungeon, and saw 8 of its levels.

You collected 223 gold pieces.

Inventory:

Hand Weapons
 k - a +2 dagger of venom
 m - a +1 mace of protection (weapon)
Missiles
 c - 3 boomerangs (quivered)
 i - 5 atropa-tipped darts
 r - 39 poisoned darts
Armour
 n - a +4 chain mail (melded)
Jewellery
 t - a ring of protection from fire (left branch)
Wands
 h - a wand of flame (20)
Scrolls
 a - a scroll of fear {unknown}
 g - a scroll of teleportation
 j - 5 scrolls of remove curse
 l - a scroll of amnesia {unknown}
 p - a scroll of enchant weapon
 v - a scroll of blinking {unknown}
Potions
 b - 2 potions of lignification
 e - 2 potions of cancellation
 f - a potion of degeneration
 o - a potion of stabbing
 q - 2 potions of invisibility
Comestibles
 d - 12 rations
 x - 4 chunks of flesh


   Skills:
 + Level 6.0 Fighting
 + Level 3.8 Short Blades
 + Level 3.8 Long Blades
 + Level 6.0 Axes
 + Level 3.8 Maces & Flails
 + Level 3.8 Polearms
 + Level 3.8 Staves
 + Level 3.8 Slings
 + Level 3.8 Bows
 + Level 3.8 Crossbows
 + Level 3.8 Throwing
 + Level 4.7 Armour
 + Level 6.0 Dodging
 + Level 3.8 Stealth
 + Level 3.8 Shields
 + Level 3.8 Unarmed Combat
 + Level 6.3 Spellcasting
 + Level 3.1 Conjurations
 + Level 3.1 Hexes
 + Level 6.3 Charms
 + Level 3.1 Summonings
 + Level 3.1 Necromancy
 + Level 3.1 Translocations
 + Level 3.1 Transmutations
 + Level 3.1 Fire Magic
 + Level 3.1 Ice Magic
 + Level 3.1 Air Magic
 + Level 3.1 Earth Magic
 + Level 3.1 Poison Magic
 + Level 4.2 Invocations
 + Level 3.8 Evocations


You had 15 spell levels left.
You knew the following spells:

 Your Spells              Type           Power        Failure   Level  Hunger
a - Infusion              Chrm           ####         1%          1    None
b - Song of Slaying       Chrm           ####....     1%          2    None
c - Shroud of Golubria    Chrm/Tloc      ###...       2%          2    None

Your spell library contained the following spells:

 Spells                   Type           Power        Failure   Level  Hunger
 Ozocubu's Armour         Chrm/Ice       ###.....     5%          3    ##.....
 Spectral Weapon          Hex/Chrm       ###.....     5%          3    ##.....


Dungeon Overview and Level Annotations

Branches:
Dungeon (7/15)             Temple (1/1) D:4

Altars:
Ashenzari
Dithmenos
Elyvilon
Fedhas
Gozag
Hepliaklqana
Makhleb
Okawaru
Qazlal
Ru
Trog
Uskayaw
Vehumet
Wu Jian
Xom
Zin
The Shining One

Shops:
D:4 :==


Innate Abilities, Weirdness & Mutations

Your experience applies equally to all skills.
((You have very sharp teeth.))
You are hated by all.
Your uncanny sense of smell can sniff out nearby items.


Message History

You feel sick. The water moccasin bites you.
* * * LOW HITPOINT WARNING * * *
The water moccasin bites you but does no damage.
It was a potion of lignification.
You turn into a tree.
Your +4 chain mail melds into your body.
Your roots penetrate the ground.
* * * LOW HITPOINT WARNING * * *
You feel sick.
The water moccasin bites you but does no damage.
It was a potion of flight.
Your roots keep you in place.
* * * LOW HITPOINT WARNING * * *
You feel sick.
The water moccasin is stunned by your will and fails to attack.
The water moccasin bites you but does no damage.
It was a potion of resistance.
You feel protected.
* * * LOW HITPOINT WARNING * * *
You feel sick. The water moccasin bites you.
You die...

#.#.#.# #####
#.#.#.# ....#
#.#.#.# ###.#
#.#.#.#
###.########.#.#.#
...............#.###
.##.####.###.......#
#.#.# #.# ###.#.#.#
....# #.# #.#♣#.#
#)..# #.# ##.#S#.#
.#..####.####....#.#
.........<)).....#.#
...#####.####.#....#
#..# #.............#
#..#
#.#(######....###
#..#
#.#.###.........#
#..#
#.#.#...........#


You could see a water moccasin.

Vanquished Creatures
  Sigmund (D:2)
  An orc warrior (D:6)
  A centaur (D:6)
  3 sky beasts
  An ogre (D:6)
  2 phantoms
  3 scorpions
  4 crimson imps
  2 bullfrog skeletons
  3 hounds
  An orc priest (D:3)
  2 orc wizards
  Terence (D:2)
  An iguana (D:6)
  6 worker ants
  A killer bee zombie (D:5)
  A hound zombie (D:5)
  2 worker ant zombies
  6 adders
  2 howler monkey skeletons
  A shadow imp (D:5)
  2 adder skeletons (D:5)
  An adder zombie (D:5)
  3 worms
  A dart slug (D:1)
  3 leopard geckos
  17 orcs
  6 giant cockroaches
  5 goblins
  2 hobgoblins
  2 jackals (D:5)
  3 kobolds
  2 quokkas
  A ball python (D:3)
  11 bats
  8 frilled lizards
  A leopard gecko zombie (D:5)
  A quokka skeleton (D:6)
  6 rats
120 creatures vanquished.

Notes
Turn   | Place    | Note
-------+----------+-------------------------------------------
     0 | D:1      | grindst0ne the Gnoll Skald began the quest for the Orb.
     0 | D:1      | Reached XP level 1. HP: 20/20 MP: 6/6
   124 | D:1      | Reached XP level 2. HP: 18/26 MP: 7/7
   131 | D:1      | Learned a level 2 spell: Song of Slaying
   134 | D:1      | Learned a level 2 spell: Shroud of Golubria
   694 | D:2      | Noticed Terence
   699 | D:2      | Reached skill level 5 in Spellcasting
   699 | D:2      | Reached XP level 3. HP: 18/31 MP: 0/9
   999 | D:2      | Found a glowing silver altar of Zin.
  1000 | D:2      | Found a white marble altar of Elyvilon.
  1024 | D:2      | Killed Terence
  1024 | D:2      | Reached skill level 1 in Short Blades
  1024 | D:2      | Reached skill level 1 in Long Blades
  1024 | D:2      | Reached skill level 1 in Maces & Flails
  1024 | D:2      | Reached skill level 1 in Polearms
  1024 | D:2      | Reached skill level 1 in Staves
  1024 | D:2      | Reached skill level 1 in Slings
  1024 | D:2      | Reached skill level 1 in Bows
  1024 | D:2      | Reached skill level 1 in Crossbows
  1024 | D:2      | Reached skill level 1 in Throwing
  1024 | D:2      | Reached skill level 1 in Stealth
  1024 | D:2      | Reached skill level 1 in Shields
  1024 | D:2      | Reached skill level 1 in Unarmed Combat
  1024 | D:2      | Reached skill level 1 in Invocations
  1024 | D:2      | Reached skill level 1 in Evocations
  1259 | D:2      | Reached XP level 4. HP: 38/38 MP: 6/11
  1278 | D:2      | Noticed Sigmund
  1332 | D:2      | Killed Sigmund
  1332 | D:2      | Reached skill level 1 in Conjurations
  1332 | D:2      | Reached skill level 1 in Hexes
  1332 | D:2      | Reached skill level 1 in Summonings
  1332 | D:2      | Reached skill level 1 in Necromancy
  1332 | D:2      | Reached skill level 1 in Translocations
  1332 | D:2      | Reached skill level 1 in Transmutations
  1332 | D:2      | Reached skill level 1 in Fire Magic
  1332 | D:2      | Reached skill level 1 in Ice Magic
  1332 | D:2      | Reached skill level 1 in Air Magic
  1332 | D:2      | Reached skill level 1 in Earth Magic
  1332 | D:2      | Reached skill level 1 in Poison Magic
  1332 | D:2      | Reached XP level 5. HP: 25/43 MP: 12/12
  1332 | D:2      | Reached XP level 6. HP: 30/50 MP: 13/13
  1924 | D:3      | Reached skill level 5 in Fighting
  1924 | D:3      | Reached skill level 5 in Axes
  1924 | D:3      | Reached skill level 5 in Dodging
  1937 | D:3      | Noticed a phantom
  1969 | D:3      | Killed a phantom
  1999 | D:3      | Found a shattered altar of Ashenzari.
  2243 | D:3      | Reached XP level 7. HP: 33/56 MP: 10/15
  2801 | D:4      | Found a staircase to the Ecumenical Temple.
  2821 | Temple   | Entered the Ecumenical Temple
  2825 | Temple   | Became a worshipper of Ru the Awakened
  3002 | D:4      | Found Vourisho's Jewellery Emporium.
  3033 | D:4      | Found Boebiule's Book Shop.
  3578 | D:4      | Found Keec's Jewellery Shop.
  3949 | D:5      | Entered Level 5 of the Dungeon
  4205 | D:5      | Reached XP level 8. HP: 52/63 MP: 16/16
  4485 | D:5      | Found a hazy altar of Hepliaklqana.
  4655 | D:5      | Gained mutation: You are hated by all. [Ru sacrifice]
  4655 | D:5      | Reached * piety under Ru
  5237 | D:6      | Found an iron altar of Okawaru.
  5237 | D:6      | Found a burning altar of Makhleb.
  5760 | D:6      | Reached XP level 9. HP: 62/69 MP: 18/18
  5761 | D:6      | Found a hide-covered altar of Uskayaw.
  5764 | D:6      | Noticed a +0 hand axe
  5764 | D:6      | Noticed a +3 dagger
  6374 | D:7      | Found a shadowy altar of Dithmenos.
  6530 | D:6      | HP: 5/103 [poisoned by an orc warrior]
  6532 | D:6      | HP: 1/103 [poisoned by an orc warrior]
  6532 | D:6      | Slain by a water moccasin

Illustrated notes

Levels and vault maps discovered:
D:1:      dpeg_arrival_long_road, layout_rooms, hangedman_glass_teeth
D:2:      layout_basic, grunt_temple_overflow_open, uniq_sigmund, uniq_terence
D:3:      layout_loops_corners, lemuel_doored_altar
D:4:      layout_cave_pods, minmay_temple_entry_large_hall, serial_shops, shop,
          shop, nicolae_shop_waterfront
D:5:      layout_loops_ring, lemuel_coloured_pillars_altar, first_ration,
          st_stairs_12
D:6:      layout_loops_ring, dancing_weapons_uskayaw,
          gammafunk_temple_overflow_wave
D:7:      lemuel_slime, layout_loops_corners, nicolae_dithmenos_the_darkroom,
          grunt_livestock, uniq_joseph, uniq_crazy_yiuf_cottage
Temple:   nicolae_temple_x_marks_the_god

Skill      XL: |  1  2  3  4  5  6  7  8  9 |
---------------+----------------------------+-----
Spellcasting   | 5 6 |  6.3
Short Blades   | 1 2 3 |  3.8
Long Blades    | 1 2 3 |  3.8
Maces & Flails | 1 2 3 |  3.8
Polearms       | 1 2 3 |  3.8
Staves         | 1 2 3 |  3.8
Slings         | 1 2 3 |  3.8
Bows           | 1 2 3 |  3.8
Crossbows      | 1 2 3 |  3.8
Throwing       | 1 2 3 |  3.8
Stealth        | 1 2 3 |  3.8
Shields        | 1 2 3 |  3.8
Unarmed Combat | 1 2 3 |  3.8
Invocations    | 1 2 3 4 |  4.2
Evocations     | 1 2 3 |  3.8
Armour         | 3 4 |  4.7
Conjurations   | 1 2 3 |  3.1
Hexes          | 1 2 3 |  3.1
Summonings     | 1 2 3 |  3.1
Necromancy     | 1 2 3 |  3.1
Translocations | 1 2 3 |  3.1
Transmutations | 1 2 3 |  3.1
Fire Magic     | 1 2 3 |  3.1
Ice Magic      | 1 2 3 |  3.1
Air Magic      | 1 2 3 |  3.1
Earth Magic    | 1 2 3 |  3.1
Poison Magic   | 1 2 3 |  3.1
Fighting       | 5 6 |  6.0
Axes           | 5 6 |  6.0
Dodging        | 5 6 |  6.0
Charms         | 6 |  6.3

Action                   |  1- 3 |  4- 6 |  7- 9 || total
-------------------------+-------+-------+-------++-------
Melee: Hand axe          |    82 |       |       ||    82
       Bite              |     5 |     4 |    36 ||    45
       Unarmed           |    13 |       |       ||    13
       Mace              |     7 |   105 |   404 ||   516
       Punch             |       |     1 |     9 ||    10
Throw: Boomerang         |       |     2 |    28 ||    30
       Dart              |       |       |     4 ||     4
 Cast: Infusion          |     5 |     4 |    15 ||    24
       Song of Slaying   |     2 |       |     2 ||     4
       Shroud of Golubri |     2 |       |     7 ||     9
Invok: Sacrifice Love    |       |       |     1 ||     1
Evoke: Wand              |       |       |     4 ||     4
  Use: Potion            |       |     5 |     7 ||    12
       Scroll            |       |     2 |     7 ||     9
 Stab: Sleeping          |     2 |       |       ||     2
  Eat: Chunk             |     1 |     3 |    12 ||    16
       Ration            |       |       |     1 ||     1
Armor: Leather armour    |    11 |       |       ||    11
       Skin              |     4 |       |     2 ||     6
       Chain mail        |     1 |   109 |   338 ||   448
Dodge: Dodged            |    69 |    64 |   194 ||   327
